 Dungeon Crawl Stone Soup version 0.22-a0-224-g8cf3520 (webtiles) character file.

558 sankara the Cudgeler (level 7, 0/61 HPs)
             Began as a Ghoul Monk on Feb 19, 2018.
             Killed by divine providence
             ... invoked by an orc priest
              (14 damage)
             ... on level 4 of the Dungeon.
             The game lasted 00:18:00 (4570 turns).

sankara the Cudgeler (Ghoul Monk)                   Turns: 4570, Time: 00:18:01

Health: 0/61       AC:  8    Str: 15    XL:     7   Next: 31%
Magic:  6/6        EV: 16    Int: 12    God:
Gold:   92         SH:  0    Dex: 16    Spells: 6/6 levels left

rFire    . . .     SeeInvis .   a - +0 whip
rCold    + . .     Gourm    .   (no shield)
rNeg     + + +     Faith    .   o - +0 scale mail
rPois    ∞         Spirit   .   (no helmet)
rElec    .         Reflect  .   (no cloak)
rCorr    .         Harm     .   (no gloves)
MR       .....                  f - +1 pair of boots
Stlth    ++........             (no amulet)
HPRegen  0.00/turn              h - +1 ring of slaying
MPRegen  0.10/turn              (no ring)

@: brilliant, agile, flying, rotting
A: rotting body, claws 1, carnivore, cold resistance 1, negative energy
resistance 3, inhibited regeneration, torment resistance, unbreathing
a: no special abilities


You were on level 4 of the Dungeon.
You were not hungry.

You visited 1 branch of the dungeon, and saw 4 of its levels.

You collected 188 gold pieces.
You spent 96 gold pieces at shops.

Inventory:

Hand Weapons
 a - a +0 whip (weapon)
   (You took it off a kobold on level 1 of the Dungeon)
 b - a +0 hunting sling
   (You took it off a goblin on level 3 of the Dungeon)
Missiles
 d - 122 stones
 e - 41 sling bullets
 r - 2 javelins (quivered)
Armour
 f - a +1 pair of boots (worn)
   (You found it on level 1 of the Dungeon)
 g - a +0 helmet
   (You took it off Robin on level 2 of the Dungeon)
 o - a +0 scale mail (worn)
   (You took it off Terence on level 2 of the Dungeon)
Jewellery
 h - a +1 ring of slaying (left claw)
   (You found it on level 1 of the Dungeon)
Wands
 t - a wand of digging (12)
   (You found it on level 4 of the Dungeon)
 z - a wand of flame (5)
   (You took it off a kobold on level 3 of the Dungeon)
 A - a wand of enslavement (17)
   (You found it on level 3 of the Dungeon)
Scrolls
 j - 2 scrolls of fog {unknown}
 l - 8 scrolls of identify {unknown}
 p - a scroll of immolation {unknown}
 s - a scroll of magic mapping {unknown}
 v - 2 scrolls of remove curse {unknown}
 w - 2 scrolls of amnesia {unknown}
 y - a scroll of teleportation {unknown}
 B - 2 scrolls of enchant armour {unknown}
Potions
 k - a potion of degeneration {unknown}
 C - 2 potions of curing
Comestibles
 c - 4 rations


   Skills:
 - Level 5.0 Fighting
 * Level 5.5 Maces & Flails
 + Level 2.2 Armour
 + Level 3.7 Dodging
 - Level 2.1 Stealth


You had 6 spell levels left.
You didn't know any spells.

Dungeon Overview and Level Annotations

Branches:
Dungeon (4/15)
 Temple: D:4-7

Altars:

Shops:
D:4 !

Annotations:
D:3 , 1 runed door


Innate Abilities, Weirdness & Mutations

Your body is rotting away.
You thrive on raw meat.
You are immune to poison.
You have sharp fingernails.
You are carnivorous and can eat meat at any time.
Your flesh is cold resistant. (rC+)
You are immune to negative energy. (rN+++)
You do not regenerate when monsters are visible.
You are immune to unholy pain and torment.
You can survive without breathing.


Message History

You hit something but do no damage. Something hits you but does no damage.
You closely miss something. Something hits you but does no damage.
You hit something.
Reactivating autopickup.
You feel a bit more experienced.
The orc priest calls down the wrath of Beogh upon you.
Beogh smites you!
The orc priest hits you but does no damage.
Items here: )) [[[ a dagger; a robe; a ring mail; a flail; a scale mail Your scale mail prevents you from hitting the orc priest.
The orc priest closely misses you.
You closely miss the orc priest. The orc priest hits you.
You hit the orc priest.
The orc priest is lightly wounded.
The orc priest looks satisfied for a moment.
You hit the orc priest but do no damage.
The orc priest is lightly wounded.
You hit the orc priest but do no damage.
The orc priest is lightly wounded.
The orc priest hits you but does no damage.
You hit the orc priest but do no damage.
The orc priest is lightly wounded.
The orc priest hits you.
You barely miss the orc priest.
The orc priest is lightly wounded.
The orc priest hits you.
* * * LOW HITPOINT WARNING * * *
Your scale mail prevents you from hitting the orc priest.
The orc priest is lightly wounded.
The orc priest hits you but does no damage.
You feel much better.
The orc priest looks satisfied for a moment.
You completely miss the orc priest.
The orc priest is lightly wounded.
The orc priest hits you.
Okay, then.
You eat one of the 5 rations.
That ration really hit the spot!
The orc priest hits you but does no damage.
You barely miss the orc priest.
The orc priest is lightly wounded.
The orc priest hits you.
You hit the orc priest but do no damage.
The orc priest is lightly wounded.
The orc priest barely misses you.
You hit the orc priest but do no damage.
The orc priest is lightly wounded.
You closely miss the orc priest.
The orc priest is lightly wounded.
The orc priest invokes the aid of Beogh against you.
Beogh smites you!
* * * LOW HITPOINT WARNING * * *
You hit the orc priest.
The orc priest is lightly wounded.
The orc priest hits you.
* * * LOW HITPOINT WARNING * * *
You feel much better.
The orc priest casts a cantrip, but nothing happens.
Your scale mail prevents you from hitting the orc priest.
The orc priest is lightly wounded.
The orc priest mumbles some strange prayers to Beogh against you.
Beogh smites you!
You barely miss the orc priest.
The orc priest is lightly wounded.
The orc priest hits you.
You hit the orc priest.
The orc priest is moderately wounded.
The orc priest barely misses you.
You closely miss the orc priest.
The orc priest is moderately wounded.
You hit the orc priest.
The orc priest is heavily wounded.
The orc priest misses you.
Your scale mail prevents you from hitting the orc priest.
The orc priest is heavily wounded.
The orc priest hits you.
You hit the orc priest but do no damage.
The orc priest is heavily wounded.
The orc priest closely misses you.
You hit the orc priest but do no damage.
The orc priest is heavily wounded.
The orc priest hits you but does no damage.
It was a potion of flight.
You feel very buoyant.
You fly up into the air.
The orc priest hits you.
* * * LOW HITPOINT WARNING * * *
It was a potion of brilliance.
You feel clever all of a sudden. The orc priest barely misses you.
It was a potion of berserk rage.
You cannot raise a blood rage in your lifeless body.
The orc priest hits you.
* * * LOW HITPOINT WARNING * * *
It was a potion of magic.
Magic courses through your body.
The orc priest hits you but does no damage.
It was a potion of agility.
You feel agile all of a sudden.
The orc priest invokes the aid of Beogh against you.
Beogh smites you!
You die...

#####..........#
##########.# #.#
#.# #.# #.# #.#
###########.#
#.%lo@.....(#
#..(#######.#
#...(.o(...##
#..o.o(.l..
#..........
#..........
####.......
.....(. ######.


You could see an orc priest and a leopard gecko.

Vanquished Creatures
  Grinder (D:3)
  A howler monkey (D:4)
  An orc priest (D:3)
  Terence (D:2)
  A worker ant (D:4)
  An orc wizard (D:4)
  Robin (D:2)
  3 gnolls (D:3)
  3 adders
  2 shadow imps (D:3)
  3 oozes
  5 dart slugs
  A leopard gecko (D:2)
  5 orcs
  4 bats
  3 giant cockroaches
  20 goblins
  14 hobgoblins
  3 jackals (D:1)
  8 kobolds
  A quokka (D:2)
  2 ball pythons (D:1)
  4 frilled lizards
  5 rats
93 creatures vanquished.

Vanquished Creatures (collateral kills)
  A shadow imp (D:3)
1 creature vanquished.

Grand Total: 94 creatures vanquished

Notes
Turn   | Place    | Note
-------+----------+-------------------------------------------
     0 | D:1      | sankara the Ghoul Monk began the quest for the Orb.
     0 | D:1      | Reached XP level 1. HP: 19/19 MP: 0/0
    47 | D:1      | HP: 3/19 [hobgoblin/club (7)]
   341 | D:1      | Reached skill level 3 in Maces & Flails
   342 | D:1      | Reached XP level 2. HP: 24/26 MP: 1/1
   698 | D:1      | Reached XP level 3. HP: 12/33 MP: 2/2
  1690 | D:1      | Reached skill level 4 in Fighting
  1691 | D:1      | Reached XP level 4. HP: 27/40 MP: 3/3
  1820 | D:2      | Noticed Terence
  1977 | D:2      | Killed Terence
  1977 | D:2      | Reached skill level 4 in Maces & Flails
  2492 | D:2      | Noticed Robin
  2525 | D:2      | Reached XP level 5. HP: 23/46 MP: 4/4
  2557 | D:1      | HP: 10/46 [hobgoblin/club[Robin] (4)]
  2789 | D:2      | Killed Robin
  3299 | D:3      | Found a transporter.
  3382 | D:3      | Found a runed door.
  3730 | D:3      | Found a transporter.
  3760 | D:3      | Reached skill level 1 in Armour
  3809 | D:3      | Reached skill level 3 in Dodging
  4014 | D:3      | Reached XP level 6. HP: 53/53 MP: 5/5
  4111 | D:4      | Noticed Grinder
  4123 | D:3      | Paralysed by Grinder for 2 turns
  4138 | D:3      | Paralysed by Grinder for 6 turns
  4159 | D:3      | Paralysed by Grinder for 5 turns
  4165 | D:3      | Killed Grinder
  4165 | D:3      | Reached skill level 5 in Fighting
  4165 | D:3      | Reached skill level 5 in Maces & Flails
  4165 | D:3      | Reached skill level 2 in Armour
  4165 | D:3      | Reached XP level 7. HP: 34/59 MP: 6/6
  4313 | D:4      | Found Iluadaw's Distillery.
  4321 | D:4      | Bought a potion of curing for 36 gold pieces
  4321 | D:4      | Bought a potion of heal wounds for 60 gold pieces
  4555 | D:4      | HP: 14/61 [orc priest/divine providence (10)]
  4568 | D:4      | HP: 14/61 [orc priest (2)]
  4570 | D:4      | Killed from afar by an orc priest

Vault maps used:
D:1:      dpeg_arrival_water_temple_mockup, minmay_misc_feat_enclosed
D:2:      first_ration, uniq_terence, uniq_robin
D:3:      gammafunk_wand_slinger, minmay_goblin_outpost, uniq_crazy_yiuf_cottage
D:4:      serial_shops, shop, uniq_grinder

Skill      XL: |  1  2  3  4  5  6 |
---------------+-------------------+-----
Maces & Flails | 3 4 5 |  5.5
Fighting       | 4 5 |  5.0
Armour         | 1 2 |  2.2
Dodging        | 3 |  3.7
Stealth        | |  2.1

Action                   |  1- 3 |  4- 6 |  7- 9 || total
-------------------------+-------+-------+-------++-------
Melee: Mace              |    18 |       |       ||    18
       Whip              |    98 |   244 |    76 ||   418
 Fire: Hunting sling     |       |    44 |    14 ||    58
Evoke: Wand              |       |    13 |       ||    13
  Use: Potion            |       |     1 |     7 ||     8
 Stab: Sleeping          |     2 |       |       ||     2
  Eat: Chunk             |     7 |     5 |       ||    12
       Ration            |       |       |     1 ||     1
Armor: Robe              |    19 |     4 |       ||    23
       Scale mail        |       |    71 |    24 ||    95
Dodge: Dodged            |    73 |    95 |    17 ||   185

Table legend:
 A = Spawn XP
 B = Non-spawn XP
 C = Spawn XP percentage of total XP
 D = Spawn monster count
 E = Non-spawn monster count
 F = Spawn count percentage of total count
 G = Total turns spent on level
                    A         B        C        D         E        F      G
               +---------+---------+-------+---------+---------+-------+---------
         Total |       0 |     798 |   0.0 |       0 |      94 |   0.0 |  4570
               +---------+---------+-------+---------+---------+-------+---------
           D:1 |       0 |      80 |   0.0 |       0 |      31 |   0.0 |  2130
           D:2 |       0 |     113 |   0.0 |       0 |      25 |   0.0 |   962
           D:3 |       0 |     470 |   0.0 |       0 |      32 |   0.0 |  1190
           D:4 |       0 |     135 |   0.0 |       0 |       6 |   0.0 |   288
               +---------+---------+-------+---------+---------+-------+---------

Vault maps used:
D:1:      dpeg_arrival_water_temple_mockup, minmay_misc_feat_enclosed
D:2:      first_ration, uniq_terence, uniq_robin
D:3:      gammafunk_wand_slinger, minmay_goblin_outpost, uniq_crazy_yiuf_cottage
D:4:      serial_shops, shop, uniq_grinder

Table legend:
 A = Turns spent in this place as a percentage of turns spent in the entire game.
 B = Non-inter-level travel turns spent in this place as a percentage of non-inter-level travel turns spent in the entire game.
 C = Inter-level travel turns spent in this place as a percentage of turns spent in this place.
 D = Turns resting spent in this place as a percentage of non-inter-level travel turns spent in this place.
 E = Turns spent auto-exploring this place as a percentage of non-inter-level travel turns spent in this place.
 F = Non-inter-level travel turns spent in this place divided by the number of levels of this place that you've seen.
                   A       B       C       D       E      F
               +-------+-------+-------+-------+-------+----------------------
         Total | 100.0 | 100.0 |   5.4 |  38.0 |  34.6 | 1081.0
       Dungeon | 100.0 | 100.0 |   5.4 |  38.0 |  34.6 | 1081.0
               +-------+-------+-------+-------+-------+----------------------

Table legend:
 A = Kills in this place as a percentage of kills in entire the game.
 B = Kills by you in this place as a percentage of kills by you in the entire game.
 C = Kills by friends in this place as a percentage of kills by friends in the entire game.
 D = Other kills in this place as a percentage of other kills in the entire game.
 E = Experience gained in this place as a percentage of experience gained in the entire game.
 F = Experience gained in this place divided by the number of levels of this place that you have seen.
                   A       B       C       D       E      F
               +-------+-------+-------+-------+-------+----------------------
         Total | 100.0 | 100.0 | 100.0 |   N/A | 100.0 | 199.5
       Dungeon | 100.0 | 100.0 | 100.0 |   N/A | 100.0 | 199.5
               +-------+-------+-------+-------+-------+----------------------
